 Dungeon Crawl Stone Soup version 0.32-a0-571-gec57dfcd37 (webtiles) character file.

Game seed: 14104718375019125114

2364 Malificent the Cudgeller (level 9, -8/89 HPs)
             Began as an Oni Warper on Mar 1, 2024.
             Was an Initiate of Vehumet.
             Mangled by a gnoll sergeant
             ... wielding a +0 trident
              (14 damage)
             ... on level 8 of the Dungeon.
             The game lasted 00:27:09 (7929 turns).

Malificent the Cudgeller (Oni Warper)               Turns: 7929, Time: 00:27:09

Health: -8/89      AC:  4    Str: 17    XL:     9   Next: 44%
Magic:  17/17      EV: 10    Int: 16    God:    Vehumet [......]
Gold:   482        SH:  0    Dex:  8    Spells: 11/19 levels left

rFire   . . .        v - +2 flail (protect)
rCold   . . .        (no shield)
rNeg    . . .        q - +1 robe
rPois   .            (helmet restricted)
rElec   .            g - scarf {shadows}
rCorr   .            (gloves unavailable)
SInv    .            (boots unavailable)
Will    .....        (no amulet)
Stlth   +            (no ring)
HPRegen 0.34/turn    (no ring)
MPRegen 0.15/turn

%: no passive effects
@: confused, lethally poisoned (-8 -> -21), ambrosia-drunk
A: large, unfitting armour, horns 1, tough skin 1, double potion healing,
drunken brawling, clumsy 1, passive freeze
a: Renounce Religion


You were on level 8 of the Dungeon.
You worshipped Vehumet.
Vehumet was noncommittal.
You visited 2 branches of the dungeon, and saw 9 of its levels.

You collected 482 gold pieces.

Inventory:

Hand Weapons
 a - the +3 whip of Erchuv {vamp, rElec Int+2}
   (You found it on level 3 of the Dungeon)

   Int+2:     It affects your intelligence (+2).
   rElec:     It insulates you from electricity.
 b - a +0 longbow of flaming
 l - a +0 demon trident of electrocution
 r - a +0 giant club
 v - a +2 flail of protection (weapon)
Missiles
 d - 3 darts of dispersal
 f - 2 throwing nets
 h - 5 poisoned darts
 m - a large rock (quivered)
 s - a curare-tipped dart
Armour
 g - a scarf of shadows (worn)
 q - a +1 robe (worn)
Magical Staves
 n - a staff of cold
Wands
 i - a wand of flame (49)
 p - a wand of paralysis (21)
 t - a wand of digging (5)
Scrolls
 c - 3 scrolls of blinking
 e - 2 scrolls of teleportation
 k - 3 scrolls of enchant weapon
 o - 2 scrolls of fear


   Skills:
 + Level 6.2 Fighting
 + Level 6.6 Maces & Flails
 + Level 0.5 Polearms
 + Level 1.5 Ranged Weapons
 * Level 2.0 Throwing
 * Level 4.9 Dodging
 + Level 1.7 Stealth
 * Level 5.9 Spellcasting
 * Level 0.8 Conjurations
 * Level 5.3 Translocations


You had 11 spell levels left.
You knew the following spells:

 Your Spells              Type           Power      Damage    Failure   Level
a - Blink                 Tloc           42%        N/A       2%          2
b - Manifold Assault      Tloc           21%        N/A       16%         4
c - Momentum Strike       Conj/Tloc      28%        3d8       6%          2

Your spell library contained the following spells:

 Spells                   Type           Power      Damage    Failure   Level
 Lesser Beckoning         Tloc           42%        N/A       2%          2
 Teleport Other           Tloc           21%        N/A       4%          3
 Hailstorm                Conj/Ice       6%         3d5       34%         3
 Fugue of the Fallen      Necr           4%         N/A       38%         3
 Ozocubu's Armour         Ice            4%         N/A       38%         3
 Summon Ice Beast         Ice/Summ       4%         N/A       38%         3
 Vhi's Electric Charge    Tloc/Air       26%        N/A       43%         4
 Arcjolt                  Conj/Air       3%         1d13      97%         5
 Plasma Beam              Fire/Air       2%         2x1d12    100%        6
 Sculpt Simulacrum        Ice/Alch       2%         N/A       100%        6
 Maxwell's Capacitive Co  Air            2%         ∞         100%        8


Dungeon Overview and Level Annotations

Branches:
Dungeon (8/15)             Temple (1/1) D:5
   Lair: D:8-11

Altars:
Ashenzari
Cheibriados
Dithmenos
Elyvilon
Gozag
Hepliaklqana
Kikubaaqudgha
Makhleb
Okawaru
Qazlal
Ru
Trog
Uskayaw
Vehumet
Wu Jian
Xom
Yredelemnul
Zin

Shops:
D:6 :


Innate Abilities, Weirdness & Mutations

You are too large for most types of armour.
You have a pair of small horns on your head.
You have tough skin. (AC +1)
You gain doubled healing and magic from potions.
Whenever you drink a healing potion, you attack all around you.
You are clumsy. (Dex -2)
A frigid envelope surrounds you and freezes all who hurt you.


Message History

You are no longer robbed of momentum.
You feel very sick.
The gnoll hits you but does no damage. x2
The gnoll sergeant hits you from afar with a +0 trident.
What are your orders? t - Shout!
Orders for allies: a - Attack new target. p - Attack previous target. r - Retreat! s - Stop attacking. g - Guard the area. f - Follow me.
Anything else - Cancel.
Okay, then.
Throw: 2 large rocks
Press: ? - help, Q - select action, (/) - cycle Shift-Dir - straight line, f - gnoll sergeant, p - gnoll
Aim: a gnoll sergeant, wielding a +0 trident and wearing a +0 scale mail (lightly wounded, 64% to hit)
You throw a large rock.
The large rock hits the gnoll sergeant!!
The gnoll sergeant is almost dead.
You hear the faint creaking of a very distant portcullis.
You feel very sick.
The gnoll hits you from afar with a +0 spear.
* * * LOW HITPOINT WARNING * * *
The gnoll barely misses you.
The gnoll sergeant hits you from afar with a +0 trident.
* * * LOW HITPOINT WARNING * * *
The gnoll hits you from afar with a +0 spear of venom.
* * * LOW HITPOINT WARNING * * *
You are more poisoned.
The gnoll sergeant hits you from afar with a +0 trident.
* * * LOW HITPOINT WARNING * * *
The gnoll hits you from afar with a +0 spear.
* * * LOW HITPOINT WARNING * * *
You are confused.
You savour every drop.
You feel invigorated.
* * * LOW HITPOINT WARNING * * *
You feel very sick.
The gnoll hits you from afar with a +0 spear.
* * * LOW HITPOINT WARNING * * *
The gnoll barely misses you.
The gnoll sergeant hits you from afar with a +0 trident!
You die...

.. #..#.#..#
#.#.##.#..#
#....#.#..#
##......#..##
............#
.#.....##.>.#
.P..........#
P..P...###..#
.P...P## #@)#


YPP... #†.# .P.P.. ggg# .#g.# #.#..# . #..# .# #..# You could see a gnoll
sergeant and 3 gnolls.

Vanquished Creatures
  The ghost of BubbleThief the Magician, a novice DsCA of Ignis (D:5)
  A cyclops (D:6)
  A water moccasin (D:7)
  A black bear (D:5)
  2 ogres
  3 phantoms
  A kobold brigand (D:6)
  A bullfrog (D:8)
  3 scorpions
  2 electric eels (D:5)
  7 hounds
  An orc priest (D:3)
  2 gnoll boudas (D:7)
  2 iguanas
  3 orc wizards
  Robin (D:2)
  5 gnolls
  An adder (D:5)
  A white imp (D:7)
  4 dart slugs
  4 ribbon worms
  13 orcs
  3 bats
  4 endoplasms
  5 giant cockroaches
  14 goblins
  10 hobgoblins
  11 kobolds
  3 quokkas
  3 ball pythons
  3 frilled lizards (D:1)
  13 rats
129 creatures vanquished.

Notes
Turn   | Place    | Note
-------+----------+-------------------------------------------
     0 | D:1      | Malificent the Oni Warper began the quest for the Orb.
     0 | D:1      | Reached XP level 1. HP: 22/22 MP: 3/3
    54 | D:1      | Reached XP level 2. HP: 23/29 MP: 5/5
   287 | D:1      | Reached XP level 3. HP: 34/37 MP: 6/6
   753 | D:2      | Learned a level 2 spell: Blink
  1028 | D:2      | Found a faded altar of an unknown god.
  1193 | D:2      | Noticed Robin
  1326 | D:2      | Killed Robin
  1327 | D:2      | Reached XP level 4. HP: 18/45 MP: 8/8
  1716 | D:3      | Reached XP level 5. HP: 10/53 MP: 9/9
  1718 | D:3      | HP: 2/53 [orc wizard/magic dart (4)]
  1861 | D:3      | Identified the +3 whip of Erchuv {vamp, rElec Int+2}
  2062 | D:3      | Noticed a phantom
  2073 | D:3      | Killed a phantom
  2074 | D:3      | Reached XP level 6. HP: 49/61 MP: 9/11
  2332 | D:3      | Learned a level 4 spell: Manifold Assault
  2456 | D:3      | Found a burning altar of Makhleb.
  2606 | D:3      | Found a basalt altar of Yredelemnul.
  3415 | D:4      | Reached XP level 7. HP: 40/70 MP: 12/12
  3606 | D:4      | Found a shadowy altar of Dithmenos.
  4080 | D:4      | Found an opulent altar of Gozag.
  4234 | D:5      | Entered Level 5 of the Dungeon
  4431 | D:5      | Found a shimmering altar of Xom.
  4541 | D:5      | Found a sacrificial altar of Ru.
  4681 | D:5      | Gained mutation: You are weak. (Str -2) [potion of
                  | mutation]
  4681 | D:5      | Gained mutation: You are strong-willed. (Will+) [potion of
                  | mutation]
  4682 | D:5      | Lost mutation: You are strong-willed. (Will+) [potion of
                  | mutation]
  4682 | D:5      | Lost mutation: You are weak. (Str -2) [potion of mutation]
  4682 | D:5      | Gained mutation: You are clumsy. (Dex -2) [potion of
                  | mutation]
  4682 | D:5      | Gained mutation: A frigid envelope surrounds you and
                  | freezes all who hurt you. [potion of mutation]
  4699 | D:5      | Reached skill level 5 in Maces & Flails
  4973 | D:5      | Found a white marble altar of Elyvilon.
  4975 | D:5      | Found an iron altar of Okawaru.
  5006 | D:5      | Found a staircase to the Ecumenical Temple.
  5039 | D:5      | Found a transporter.
  5075 | D:5      | Reached XP level 8. HP: 40/79 MP: 14/14
  5194 | D:5      | Found a transporter.
  5220 | D:5      | Found a runed translucent gate.
  5220 | D:5      | Found a runed translucent gate.
  5220 | D:5      | Found a runed translucent gate.
  5224 | D:5      | Noticed BubbleThief's ghost (novice DsCA)
  5243 | D:5      | Killed BubbleThief's ghost
  5244 | D:5      | Reached skill level 5 in Fighting
  5244 | D:5      | Reached skill level 1 in Stealth
  5244 | D:5      | Reached skill level 5 in Spellcasting
  5513 | Temple   | Entered the Ecumenical Temple
  5736 | D:6      | Found Ocuelodi's Book Emporium.
  5766 | D:6      | Noticed a cyclops
  5829 | D:6      | Killed a cyclops
  5830 | D:6      | Reached skill level 1 in Ranged Weapons
  5830 | D:6      | Reached skill level 5 in Translocations
  5830 | D:6      | Reached XP level 9. HP: 26/89 MP: 15/17
  6993 | D:7      | Found a radiant altar of Vehumet.
  7004 | D:7      | Became a worshipper of Vehumet
  7650 | D:7      | Found a hide-covered altar of Uskayaw.
  7812 | D:7      | Learned a level 2 spell: Momentum Strike
  7929 | D:8      | Mangled by a gnoll sergeant

Illustrated notes

Levels and vault maps discovered:
D:1:      lemuel_arrival_room, layout_loops_ring
D:2:      layout_basic, hellmonk_ecumenical_altar_heavens_door,
          kennysheep_generic_room_10, uniq_robin
D:3:      layout_loops_ring, lemuel_coloured_pillars_altar,
          nicolae_overflow_hidden_temple
D:4:      wander_river, layout_basic,
          nicolae_gozag_cash_rules_everything_around_me,
          nicolae_dithmenos_through_a_glass_darkly, serial_park_tiny_2
D:5:      gammafunk_steamed_eel, layout_basic, jmf_multi_god_temple, minitemple,
          minmay_temple_entry_wispy, ebering_ghost_rock_garden,
          minmay_misc_feat_doors, minmay_misc_feat_diagonals
D:6:      cheibrodos_quashed, layout_cave_pods, serial_shops,
          nicolae_shop_real_fake_doors
D:7:      layout_gridville, nicolae_vehumet_radiance,
          nicolae_uskayaw_dance_hall, nicolae_grassy_gnolls
D:8:      layout_loops_ring, mainiacjoe_overflow_alcove_4,
          kennysheep_little_box, kennysheep_mini_moat,
          grunt_lair_entry_orc_guard_hut, enter_bailey_6
Temple:   nicolae_temple_bog_church

Skill      XL: |  1  2  3  4  5  6  7  8  9 |
---------------+----------------------------+-----
Translocations | 3 4 5 |  5.3
Fighting       | 3 4 5 6 |  6.2
Dodging        | 3 4 |  4.9
Spellcasting   | 3 4 5 |  5.9
Maces & Flails | 3 4 5 6 |  6.6
Stealth        | 1 |  1.7
Ranged Weapons | 1 |  1.5
Throwing       | 2 |  2.0
Polearms       | |  0.5
Conjurations   | |  0.8

Action                     |  1- 3 |  4- 6 |  7- 9 || total
---------------------------+-------+-------+-------++-------
  Melee: Mace              |    97 |       |       ||    97
         Headbutt          |    22 |    23 |    20 ||    65
         Flail             |    41 |    36 |    18 ||    95
         Whip              |       |   116 |   130 ||   246
         Demon trident     |       |       |    13 ||    13
   Fire: Longbow           |       |     6 |     9 ||    15
  Throw: Dart              |       |     1 |     6 ||     7
         Large rock        |       |       |     4 ||     4
   Cast: Blink             |     1 |     1 |     2 ||     4
         Manifold Assault  |       |       |     2 ||     2
         Momentum Strike   |       |       |     1 ||     1
    Use: Scroll            |     2 |     1 |    12 ||    15
         Potion            |       |     4 |     6 ||    10
   Stab: Sleeping          |       |       |     1 ||     1
 Armour: Robe              |   122 |    96 |   122 ||   340
  Dodge: Dodged            |    66 |    63 |    66 ||   195

Table legend: (Time is in decaauts)
 A = Elapsed time spent in this place.
 B = Non-inter-level travel time spent in this place.
 C = Inter-level travel time spent in this place.
 D = Time resting spent in this place.
 E = Time spent auto-exploring this place.
 F = Levels seen in this place.
 G = Mean time per level.
                   A        B        C        D        E       F      G
               +--------+--------+--------+--------+--------+-----+--------+
         Total |   7961 |   7677 |    284 |    985 |   5111 |   9 |  884.6 |
       Dungeon |   7871 |   7594 |    277 |    985 |   5111 |   8 |  983.9 |
        Temple |     90 |     83 |      7 |      0 |      0 |   1 |   90.0 |
               +--------+--------+--------+--------+--------+-----+--------+

Top non-repeatable levels by time:
     D:5: 1448 daAuts
     D:4: 1446 daAuts
     D:3: 1087 daAuts
     D:7: 1082 daAuts
     D:6: 1016 daAuts
     D:2: 928 daAuts
     D:1: 811 daAuts
  Temple: 90 daAuts
     D:8: 51 daAuts
